 Dungeon Crawl Stone Soup version 0.31-a0-931-g7b59d4eb97 (webtiles) character file.

Game seed: 13421575891546690763

301 MachoJfn the Poker (level 6, -7/47 HPs)
             Began as a Demonspawn Gladiator on Oct 19, 2023.
             Was an Initiate of Okawaru.
             Mangled by Blork the orc
             ... wielding a +0 glaive
              (15 damage)
             ... on level 4 of the Dungeon.
             The game lasted 00:09:18 (3153 turns).

MachoJfn the Poker (Demonspawn Gladiator)           Turns: 3153, Time: 00:09:19

Health: -7/47      AC:  7    Str: 15    XL:     6   Next: 14%
Magic:  6/6        EV: 13    Int: 11    God:    Okawaru [......]
Gold:   141        SH:  0    Dex: 14    Spells: 5/5 levels left

rFire   + . .        a - +0 trident
rCold   . . .        (no shield)
rNeg    + . .        h - +2 robe {rF+}
rPois   .            c - +0 helmet
rElec   .            (no cloak)
rCorr   .            (no gloves)
SInv    .            j - +0 pair of boots
Will    +....        (no amulet)
Stlth   +            f - ring of positive energy
HPRegen 0.27/turn    n - ring of willpower
MPRegen 0.10/turn

%: no passive effects
@: no status effects
A: spiny 1, sharp scales 1, weakness stinger 1
a: Renounce Religion


You were on level 4 of the Dungeon.
You worshipped Okawaru.
Okawaru was noncommittal.
You visited 1 branch of the dungeon, and saw 4 of its levels.

You collected 141 gold pieces.

Inventory:

Hand Weapons
 a - a +0 trident (weapon)
Missiles
 d - 3 throwing nets
 e - 5 javelins
 k - 11 stones (quivered)
Armour
 c - a +0 helmet (worn)
 h - a +2 robe of fire resistance (worn)
 j - a +0 pair of boots (worn)
Jewellery
 f - a ring of positive energy (left hand)
 n - a ring of willpower (right hand)
Scrolls
 r - a scroll of identify
Potions
 g - 3 potions of attraction
 i - a potion of invisibility {unknown}
 m - a potion of lignification {unknown}
 q - a potion of degeneration {unknown}
 s - a potion of curing {unknown}


   Skills:
 + Level 3.1 Fighting
 + Level 5.0 Polearms
 * Level 2.3 Throwing
 + Level 0.4 Armour
 + Level 3.6 Dodging


You had 5 spell levels left.
You didn't know any spells.
Your spell library was empty.

Dungeon Overview and Level Annotations

Branches:
Dungeon (4/15)
 Temple: D:4-7

Altars:
Cheibriados
Okawaru

Shops:
D:2 :

Annotations:
D:4 Blork the orc, Pikel


Innate Abilities, Weirdness & Mutations

You are partially covered in sharp spines.
You are partially covered in razor-sharp scales. (AC +1, Slay +1)
You have a small tail.


Message History

You reach to attack!
You hit Blork the orc but do no damage. Blork the orc closely misses you.
Unknown command.
Reach: a) +0 trident
Press: ? - help, Dir - move target, f/p - Blork the orc
Aim: Blork the orc, wielding a +0 glaive and wearing a +1 robe of cold resistance (fast, about 35% to evade your +0 trident)
You reach to attack!
You puncture Blork the orc!
Blork the orc is moderately wounded.
Blork the orc screams, "I'll decorate my home with your organs!"
Blork the orc hits you from afar with a +0 glaive! x2
Reach: a) +0 trident
Press: ? - help, Dir - move target, f/p - Blork the orc
Aim: Blork the orc, wielding a +0 glaive and wearing a +1 robe of cold resistance (moderately wounded, fast, about 35% to evade your +0 trident)
You reach to attack!
You puncture Blork the orc!
Blork the orc is severely wounded.
Blork the orc misses you.
The jelly jiggles.
The jelly barely misses you. Blork the orc misses you.
Reach: a) +0 trident
Press: ? - help, Dir - move target, f/p - Blork the orc
Aim: Blork the orc, wielding a +0 glaive and wearing a +1 robe of cold resistance (severely wounded, fast, about 35% to evade your +0 trident)
You reach to attack!
You hit Blork the orc but do no damage.
Blork the orc is severely wounded.
Blork the orc misses you. The jelly is struck by your spines.
The jelly hits you but does no damage.
Reach: a) +0 trident
Press: ? - help, Dir - move target, f/p - Blork the orc
Aim: Blork the orc, wielding a +0 glaive and wearing a +1 robe of cold resistance (severely wounded, fast, about 35% to evade your +0 trident)
You reach to attack!
You puncture Blork the orc!
Blork the orc is almost dead.
Blork the orc hits you from afar with a +0 glaive!
* * * LOW HITPOINT WARNING * * *
The jelly hits you but does no damage. Blork the orc barely misses you.
Reach: a) +0 trident
Press: ? - help, Dir - move target, f/p - Blork the orc
Aim: Blork the orc, wielding a +0 glaive and wearing a +1 robe of cold resistance (almost dead, fast, about 35% to evade your +0 trident)
You reach to attack!
You completely miss Blork the orc.
Blork the orc is almost dead.
Blork the orc hits you from afar with a +0 glaive!
You die...

.##...5.######..##......#
..........#......##..##.# *##
#.....5...$...#......r.####.#
##.......#..................###
.........##..........##.......##
..........#......##.##.).......##
.#.#.............#####...#......#
###......#....o..###...###).##..#
........###....J@......# #...#...
.........###.....##....# #.>.....
#......................###.##....
##...........#..............#...#
#.....##..#.###รทรท#............###
..........### #.##..........#.#
..........### #.........#.....#
#.........#.###.........#.#.####
#............#..............##.##


You could see Blork the orc (fast) and a jelly.

Vanquished Creatures
  2 lemures (D:4)
  A crimson imp (D:3)
  A jelly (D:4)
  2 hounds (D:4)
  Jessica (D:3)
  An iguana (D:4)
  An orc wizard (D:3)
  3 adders (D:2)
  2 worms
  A dart slug (D:4)
  4 orcs
  6 endoplasms
  4 giant cockroaches
  4 goblins
  4 hobgoblins
  5 jackals
  2 kobolds
  3 quokkas
  3 ball pythons
  4 bats
  3 frilled lizards
  A goblin zombie (D:3)
  3 hobgoblin zombies (D:3)
  3 orc skeletons (D:3)
  4 orc zombies (D:3)
  5 rats
73 creatures vanquished.

Notes
Turn   | Place    | Note
-------+----------+-------------------------------------------
     0 | D:1      | MachoJfn the Demonspawn Gladiator began the quest for the
                  | Orb.
     0 | D:1      | Reached XP level 1. HP: 16/16 MP: 1/1
   302 | D:1      | Gained mutation: You are partially covered in sharp spines.
                  | [demonic ancestry]
   302 | D:1      | Reached XP level 2. HP: 22/22 MP: 2/2
   437 | D:1      | You fall into a shaft and drop 1 floor!
   444 | D:2      | Reached skill level 3 in Polearms
   604 | D:1      | Gained mutation: You are partially covered in razor-sharp
                  | scales. (AC +1, Slay +1) [demonic ancestry]
   604 | D:1      | Reached XP level 3. HP: 22/27 MP: 3/3
  1628 | D:2      | Found Ocraf's Book Shoppe.
  1768 | D:2      | Reached XP level 4. HP: 29/34 MP: 4/4
  2066 | D:3      | Found a snail-covered altar of Cheibriados.
  2360 | D:3      | Found a faded altar of an unknown god.
  2391 | D:3      | Found an iron altar of Okawaru.
  2401 | D:3      | Became a worshipper of Warmaster Okawaru
  2606 | D:3      | Reached skill level 4 in Polearms
  2606 | D:3      | Reached XP level 5. HP: 40/40 MP: 5/5
  2687 | D:3      | Noticed Jessica
  2694 | D:3      | Killed Jessica
  2907 | D:4      | Gained mutation: You have a small tail. [demonic ancestry]
  2907 | D:4      | Reached XP level 6. HP: 46/47 MP: 6/6
  2923 | D:4      | Noticed Pikel
  2930 | D:4      | Reached skill level 5 in Polearms
  3142 | D:4      | Noticed Blork the orc
  3153 | D:4      | Mangled by Blork the orc

Illustrated notes

Levels and vault maps discovered:
D:1:      dpeg_arrival_brainrot, layout_basic
D:2:      layout_basic, serial_shops, shop
D:3:      layout_basic, nicolae_overflow_crystal_walls, cheibriados_altar_1,
          nicolae_tso_besieged_by_evil, shapermc_ecumenical_altar_starsandcircs,
          minmay_fountain_box, uniq_jessica
D:4:      layout_cave_pools, uniq_robin, uniq_crazy_yiuf_cottage, uniq_pikel,
          uniq_blork_the_orc

Skill      XL: |  1  2  3  4  5  6 |
---------------+-------------------+-----
Dodging        | 3 |  3.6
Polearms       | 3 4 5 |  5.0
Throwing       | 2 |  2.3
Fighting       | 3 |  3.1
Armour         | |  0.4

Action                     |  1- 3 |  4- 6 || total
---------------------------+-------+-------++-------
  Melee: Trident           |    83 |   114 ||   197
         Punch             |     1 |     1 ||     2
         Tailslap          |       |     4 ||     4
  Throw: Stone             |       |     2 ||     2
    Use: Scroll            |     2 |     2 ||     4
         Potion            |       |     2 ||     2
   Stab: Sleeping          |     1 |     1 ||     2
 Armour: Leather armour    |    16 |       ||    16
         Robe              |     5 |    51 ||    56
  Dodge: Dodged            |    32 |    61 ||    93

Table legend: (Time is in decaauts)
 A = Elapsed time spent in this place.
 B = Non-inter-level travel time spent in this place.
 C = Inter-level travel time spent in this place.
 D = Time resting spent in this place.
 E = Time spent auto-exploring this place.
 F = Levels seen in this place.
 G = Mean time per level.
                   A        B        C        D        E       F      G
               +--------+--------+--------+--------+--------+-----+--------+
         Total |   3161 |   2834 |    327 |    308 |   1920 |   4 |  790.2 |
       Dungeon |   3161 |   2834 |    327 |    308 |   1920 |   4 |  790.2 |
               +--------+--------+--------+--------+--------+-----+--------+

Top non-repeatable levels by time:
     D:1: 1125 daAuts
     D:2: 897 daAuts
     D:3: 842 daAuts
     D:4: 296 daAuts
